 Dungeon Crawl Stone Soup version 0.30.1-9-gdf580d7c3d (webtiles) character file.

Game seed: 17542546962912812204

52 CaptainMV the Chiller (level 3, -1/26 HPs)
             Began as a Draconian Ice Elementalist on Sept 28, 2023.
             Slain by a phantom (6 damage)
             ... on level 3 of the Dungeon on Oct 2, 2023.
             The game lasted 00:09:50 (1173 turns).

CaptainMV the Chiller (Draconian Ice Elementalist)  Turns: 1173, Time: 00:09:50

Health: -1/26      AC:  9    Str: 10    XL:     3   Next: 60%
Magic:  3/7        EV: 12    Int: 15    God:
Gold:   65         SH:  0    Dex: 13    Spells: 3/7 levels left

rFire   . . .        a - +0 rapier
rCold   . . .        (no shield)
rNeg    . . .        (body armour unavailable)
rPois   .            (helmet restricted)
rElec   .            c - scarf {harm}
rCorr   .            (no gloves)
SInv    .            (no boots)
Will    .....        (no amulet)
Stlth   ++           e - +4 ring of protection
HPRegen 0.24/turn    (no ring)
MPRegen 0.10/turn

%: harm (+30% outgoing, +20% incoming)
@: no status effects
A: AC +5, unfitting armour, cold-blooded
a: no special abilities


You were on level 3 of the Dungeon.
You visited 1 branch of the dungeon, and saw 3 of its levels.

You collected 65 gold pieces.

Inventory:

Hand Weapons
 a - a +0 rapier (weapon)
Missiles
 l - 6 poisoned darts (quivered)
Armour
 c - a scarf of harm (worn)
Jewellery
 e - a +4 ring of protection (left hand)
Scrolls
 i - a scroll of fear {unknown}
Potions
 b - 4 potions of lignification {unknown}
 d - a potion of curing {unknown}
 f - a potion of attraction {unknown}
 g - a potion of heal wounds {unknown}
 h - a potion of might {unknown}
 j - a potion of berserk rage {unknown}
 k - a potion of magic


   Skills:
 + Level 1.9 Dodging
 + Level 1.8 Stealth
 + Level 0.2 Unarmed Combat
 + Level 2.8 Spellcasting
 + Level 4.7 Ice Magic


You had 3 spell levels left.
You knew the following spells:

 Your Spells              Type           Power      Damage    Failure   Level
a - Freeze                Ice            64%        1d7       3%          1
b - Frozen Ramparts       Ice            32%        1d5       9%          3

Your spell library contained the following spells:

 Spells                   Type           Power      Damage    Failure   Level
 Ozocubu's Armour         Ice            16%        N/A       9%          3
 Summon Ice Beast         Ice/Summ       9%         N/A       61%         4


Dungeon Overview and Level Annotations

Branches:
Dungeon (3/15)

Altars:


Innate Abilities, Weirdness & Mutations

Your plain brown scales are hard. (AC +5)
You cannot fit into any form of body armour.
You are cold-blooded and may be slowed by cold attacks.


Message History

Aiming: Freeze (safe; 3% risk of failure)
Press: ? - help, Shift-Dir - straight line, f - phantom
Aim: a phantom (heavily damaged)
You freeze the phantom.
The phantom resists.
The phantom is heavily damaged.
The adder hisses angrily.
The phantom hits you but does no damage.
Casting: Freeze (safe; 3% risk of failure)
Confirm with . or Enter, or press ? or * to list all spells.
Aiming: Freeze (safe; 3% risk of failure)
Press: ? - help, Shift-Dir - straight line, f/p - phantom
Aim: a phantom (heavily damaged)
You freeze the phantom but do no damage.
The phantom completely resists.
The phantom barely misses you.
Unknown command.
Casting: Freeze (safe; 3% risk of failure)
Confirm with . or Enter, or press ? or * to list all spells.
Aiming: Freeze (safe; 3% risk of failure)
Press: ? - help, Shift-Dir - straight line, f - adder, p - phantom
Aim: an adder You freeze the adder.
The adder is moderately wounded.
The adder bites you but does no damage. The phantom hits you.
* * * LOW HITPOINT WARNING * * *
The phantom blinks!
You blink.
Casting: Freeze (safe; 3% risk of failure)
Confirm with . or Enter, or press ? or * to list all spells.
Aiming: Freeze (safe; 3% risk of failure)
Press: ? - help, Shift-Dir - straight line, f - phantom, p - adder
Aim: a phantom (heavily damaged)
You freeze the phantom but do no damage.
The phantom completely resists.
The phantom barely misses you.
You hit the phantom but do no damage.
The phantom is heavily damaged.
The phantom closely misses you.
You hit the phantom.
You punch the phantom, but do no damage.
The phantom is severely damaged.
The phantom hits you.
You die...

## ########.#
.........######.#
#.......SSW@....#
###..S#####.#
#...............#
#..#####..#..#..#
........<#..###
#.............
#..g...^!.#..
#............
#..w.<....#


You could see a phantom, 2 adders and a ball python.

Vanquished Creatures
  2 adders (D:2)
  A worm (D:2)
  3 ball pythons
  6 endoplasms
  2 goblins (D:2)
  5 hobgoblins
  A quokka (D:2)
  3 bats
  3 frilled lizards
  2 kobolds (D:2)
  A rat (D:1)
29 creatures vanquished.

Notes
Turn   | Place    | Note
-------+----------+-------------------------------------------
     0 | D:1      | CaptainMV the Draconian Ice Elementalist began the quest
                  | for the Orb.
     0 | D:1      | Reached XP level 1. HP: 14/14 MP: 3/3
   150 | D:1      | Reached XP level 2. HP: 11/20 MP: 0/5
   537 | D:2      | Reached XP level 3. HP: 26/26 MP: 2/6
   602 | D:2      | Learned a level 3 spell: Frozen Ramparts
  1163 | D:3      | Noticed a phantom
  1173 | D:3      | Slain by a phantom

Illustrated notes

Levels and vault maps discovered:
D:1:      lemuel_arrival_room, layout_loops_ring, st_stairs_14
D:2:      minmay_spotlight, layout_loops_ring
D:3:      layout_basic, dreamdust_ecumenical_altar_statues,
          ebering_ghost_sewer_d, chequers_mini_garden

Action                     || total
---------------------------++-------
  Melee: Unarmed           ||    12
         Tailslap          ||     3
         Rapier            ||     6
         Punch             ||     1
   Cast: Freeze            ||    45
    Use: Scroll            ||     1
   Stab: Sleeping          ||     2
 Armour: Skin              ||    13
  Dodge: Dodged            ||    31
